 Dungeon Crawl Stone Soup version 0.30-a0-414-gcb316572d5 (webtiles) character file.

Game seed: 8006895118625248084

26 cforsyth the Chopper (level 3, 0/33 HPs)
             Began as a Hill Orc Monk on Dec 8, 2022.
             Slain by a white imp (5 damage)
             ... summoned by Natasha
             ... on level 2 of the Dungeon.
             The game lasted 00:01:29 (838 turns).

cforsyth the Chopper (Hill Orc Monk)                 Turns: 838, Time: 00:01:32

Health: 0/33       AC:  2    Str: 15    XL:     3   Next: 8%
Magic:  3/3        EV: 12    Int: 10    God:
Gold:   92         SH:  0    Dex: 13    Spells: 2/2 levels left

rFire   . . .      SeeInvis .    a - +0 hand axe
rCold   . . .      Faith    .    (no shield)
rNeg    . . .      Spirit   .    b - +0 robe
rPois   .          Reflect  .    (no helmet)
rElec   .          Harm     .    (no cloak)
rCorr   .          Rampage  .    (no gloves)
Will    .....                    (no boots)
Stlth   ++........               (no amulet)
HPRegen 0.25/turn                (no ring)
MPRegen 0.08/turn                (no ring)

@: brilliant, slowed, very slow
A: no striking features
a: no special abilities


You were on level 2 of the Dungeon.
You visited 1 branch of the dungeon, and saw 2 of its levels.

You collected 92 gold pieces.

Inventory:

Hand Weapons
 a - a +0 hand axe (weapon)
Armour
 b - a +0 robe (worn)
Scrolls
 d - a scroll of fog {unknown}
 e - 4 scrolls of identify {unknown}
 f - a scroll of enchant weapon {unknown}
Potions
 c - a potion of ambrosia


   Skills:
 + Level 4.1 Fighting
 + Level 4.6 Axes
 + Level 1.4 Armour
 - Level 2.4 Dodging
 - Level 1.5 Stealth


You had 2 spell levels left.
You didn't know any spells.
Your spell library was empty.

Dungeon Overview and Level Annotations

Branches:
Dungeon (2/15)

Altars:

Annotations:
D:2 Natasha


Message History

Natasha shimmers violently.
Natasha claws you.
You hit Natasha but do no damage.
Natasha is severely wounded.
You closely miss the white imp. The white imp hits you.
The white imp freezes you. Natasha misses you. The white imp gestures at you.
The puff of frost hits you!
* * * LOW HITPOINT WARNING * * *
Unknown command.
You closely miss Natasha.
Natasha is severely wounded.
You hit the white imp but do no damage. Natasha claws you.
* * * LOW HITPOINT WARNING * * *
The white imp closely misses you. Natasha claws you but does no damage.
Unknown command.
Unknown command.
You closely miss Natasha.
Natasha is severely wounded.
You closely miss the white imp. The white imp gestures at you.
The puff of frost misses you. Natasha claws you.
* * * LOW HITPOINT WARNING * * *
The white imp barely misses you.
Unknown command.
Unknown command.
It was a potion of heal wounds.
You feel much better.
Natasha howls an incantation.
Natasha glows brightly for a moment.
Natasha claws you!
The white imp hits you but does no damage.
Natasha barely misses you.
It was a potion of brilliance.
You feel clever all of a sudden. The white imp hits you.
The white imp freezes you.
* * * LOW HITPOINT WARNING * * *
Natasha misses you. The white imp hits you.
* * * LOW HITPOINT WARNING * * *
The white imp freezes you.
You die...

####..........#
#.............#
#.............#
..........$..#
............# #.
#.?......#
##...#........##
......h@....>..#
....#.5........#
. #..........#
#..........#
#..........#####
##...............
##......#######.
####.### #..#


You could see Natasha and a white imp (summoned).

Vanquished Creatures
  2 dart slugs (D:1)
  4 ball pythons (D:1)
  A giant cockroach (D:1)
  3 jackals (D:1)
  3 quokkas (D:1)
  A bat (D:1)
  2 frilled lizards (D:1)
  A goblin (D:1)
  3 kobolds (D:1)
  3 rats (D:1)
23 creatures vanquished.

Notes
Turn   | Place    | Note
-------+----------+-------------------------------------------
     0 | D:1      | cforsyth the Hill Orc Monk began the quest for the Orb.
     0 | D:1      | Reached XP level 1. HP: 19/19 MP: 1/1
   120 | D:1      | Reached XP level 2. HP: 13/27 MP: 2/2
   192 | D:1      | Found a faded altar of an unknown god.
   249 | D:1      | Reached skill level 1 in Armour
   485 | D:1      | Reached XP level 3. HP: 33/33 MP: 3/3
   828 | D:2      | Noticed Natasha
   836 | D:2      | HP: 1/33 [Natasha (3)]
   838 | D:2      | Slain by a white imp

Illustrated notes

Levels and vault maps discovered:
D:1:      amcnicky_arrival_blooded_trapdoor, layout_basic,
          hellmonk_ecumenical_altar_blasted, minmay_misc_feat_secret_circle,
          serial_park_tiny_2
D:2:      layout_rooms, serial_shops, shop_statue, uniq_robin,
          uniq_crazy_yiuf_cottage, uniq_natasha

Skill      XL: |  1  2 |
---------------+-------+-----
Fighting       | 4 |  4.1
Armour         | 1 |  1.4
Axes           | |  4.6
Dodging        | |  2.4
Stealth        | |  1.5

Action                   || total
-------------------------++-------
Melee: Hand axe          ||    74
  Use: Potion            ||     2
 Stab: Sleeping          ||     2
Armor: Robe              ||    13
Dodge: Dodged            ||    56

Table legend: (Time is in decaauts)
 A = Elapsed time spent in this place.
 B = Non-inter-level travel time spent in this place.
 C = Inter-level travel time spent in this place.
 D = Time resting spent in this place.
 E = Time spent auto-exploring this place.
 F = Levels seen in this place.
 G = Mean time per level.
                   A        B        C        D        E       F      G
               +--------+--------+--------+--------+--------+-----+--------+
         Total |    847 |    808 |     39 |      0 |    641 |   2 |  423.5 |
       Dungeon |    847 |    808 |     39 |      0 |    641 |   2 |  423.5 |
               +--------+--------+--------+--------+--------+-----+--------+

Top non-repeatable levels by time:
     D:1: 809 daAuts
     D:2: 37 daAuts
